 Dungeon Crawl Stone Soup version 0.26.1-11-gd32895ea62 (webtiles) character file.

Game seed: 7215370745162907309

18761 promet the Blocker (level 12, 0/97 HPs)
             Began as a Gnoll Fighter on May 27, 2021.
             Was a Priest of Cheibriados.
             Slain by Snorg (14 damage)
             ... on level 4 of the Lair of Beasts on May 28, 2021.
             The game lasted 01:47:11 (15310 turns).

promet the Blocker (Gnoll Fighter)                 Turns: 15310, Time: 01:47:12

Health: 0/97       AC: 23    Str: 26    XL:     12   Next: 61%
Magic:  23/23      EV: 13    Int: 18    God:    Cheibriados [***...]
Gold:   1460       SH:  0    Dex: 26    Spells: 19/25 levels left

rFire    . . .     SeeInvis .   a - +10 morningstar of Crusades {elec, +Fly rC+ rN+ Dex+3}
rCold    + . .     Faith    +   (no shield)
rNeg     + . .     Spirit   .   x - +0 plate armour
rPois    .         Reflect  .   Q - +2 helmet
rElec    +         Harm     .   G - +1 cloak
rCorr    .         Rampage  .   (no gloves)
Will     +....                  i - +2 pair of boots
Stlth    ..........             l - amulet of faith
HPRegen  0.26/turn              U - ring of willpower
MPRegen  0.18/turn              z - +4 ring of slaying

@: about to teleport, very slow
A: distributed training, fangs 1, clumsy 1, dopey 1, electricity resistance,
weak 1, strong nose
a: Renounce Religion, Evoke Flight, Bend Time, Temporal Distortion


You were on level 4 of the Lair of Beasts.
You worshipped Cheibriados.
Cheibriados was most pleased with you.
You visited 2 branches of the dungeon, and saw 15 of its levels.
You also visited: Trove.

You collected 1460 gold pieces.

Inventory:

Hand Weapons
 a - the +10 morningstar of Crusades (weapon) {elec, +Fly rC+ rN+ Dex+3}
   (You found it in a treasure trove)

   Occasionally, upon striking a foe, it can discharge electrical energy and
   cause terrible harm.
   It affects your dexterity (+3).
   It protects you from cold.
   It protects you from negative energy.
   It lets you fly.
 b - the +8 arbalest of Equivalence {vorpal, rN+ Str+4}
   (You found it on level 6 of the Dungeon)

   Any bolt fired from it inflicts extra damage.
   It affects your strength (+4).
   It protects you from negative energy.
 s - the +11 hunting sling "Beastslayer" {vorpal, Dex+6}
   (You found it in a treasure trove)

   Any stone fired from it inflicts extra damage.
   It affects your dexterity (+6).
 u - a +4 rapier of venom
 F - the +3 eveningstar "Undertaker" {vorpal, rF+ rN++ Str-2}
   (You found it in a treasure trove)

   It inflicts extra damage upon your enemies.
   It affects your strength (-2).
   It protects you from fire.
   It greatly protects you from negative energy.
 J - a +2 flail of protection
 R - a +0 vorpal longbow
 T - a +0 fustibalus of flaming
 V - the +4 rapier of Guilt {vorpal, Int+3}
   (You found it in a treasure trove)

   It inflicts extra damage upon your enemies.
   It affects your intelligence (+3).
 W - a +0 long sword of electrocution
 Y - a +0 long sword of holy wrath
Missiles
 f - 297 stones
 j - 6 curare-tipped darts
 k - 113 bolts
 m - 35 boomerangs (quivered)
 o - 6 javelins
 p - 250 arrows
 r - 44 poisoned darts
 v - 73 sling bullets
 C - 2 throwing nets
 H - 8 atropa-tipped darts
Armour
 c - a +1 kite shield
 i - a +2 pair of boots (worn)
 x - a +0 plate armour (worn)
 G - a +1 cloak (worn)
 Q - a +2 helmet (worn)
Jewellery
 l - an amulet of faith (around neck)
 w - an uncursed ring of protection from fire
 z - a +4 ring of slaying (right hand)
 D - an uncursed amulet of the acrobat
 P - the ring "Heopneif" {Ice Int+8 Stlth-}
   (You found it on level 9 of the Dungeon)

   [ring of ice]

   It enhances your ice magic.
   It affects your intelligence (+8).
   It makes you vulnerable to fire.
   It protects you from cold.
   It makes you less stealthy.
 U - a ring of willpower (left hand)
Wands
 y - a wand of paralysis (9)
 E - a wand of iceblast (7)
Scrolls
 e - 8 scrolls of remove curse
 q - 3 scrolls of teleportation
 t - 2 scrolls of magic mapping
 A - a scroll of identify
 L - 3 scrolls of fog
 O - 2 scrolls of fear
Potions
 d - 6 potions of might
 g - a potion of haste
 h - a potion of berserk rage
 n - a potion of attraction
 I - 2 potions of flight
 K - a potion of curing
 M - a potion of invisibility
 N - a potion of brilliance
 X - a potion of resistance
Miscellaneous
 S - a box of beasts (inert)
 Z - a lightning rod (3/4)


   Skills:
 + Level 9.9 Fighting
 + Level 7.4 Short Blades
 + Level 8.8 Long Blades
 + Level 7.4 Axes
 + Level 7.4 Maces & Flails
 + Level 7.4 Polearms
 + Level 7.4 Staves
 + Level 7.4 Slings
 + Level 7.4 Bows
 + Level 7.4 Crossbows
 + Level 7.4 Throwing
 + Level 9.9 Armour
 + Level 7.4 Dodging
 + Level 7.4 Stealth
 + Level 9.9 Shields
 + Level 7.4 Unarmed Combat
 + Level 7.4 Spellcasting
 + Level 6.2 Conjurations
 + Level 6.2 Hexes
 + Level 6.2 Summonings
 + Level 6.2 Necromancy
 + Level 6.2 Translocations
 + Level 6.2 Transmutations
 + Level 6.2 Fire Magic
 + Level 6.2 Ice Magic
 + Level 6.2 Air Magic
 + Level 6.2 Earth Magic
 + Level 6.2 Poison Magic
 + Level 8.2 Invocations
 + Level 7.4 Evocations


You had 19 spell levels left.
You knew the following spells:

 Your Spells              Type           Power        Failure   Level
a - Shock                 Conj/Air       100%         8%          1
b - Freeze                Ice            100%         8%          1
c - Pain                  Necr           100%         8%          1
d - Sting                 Tmut/Pois      100%         8%          1
e - Summon Small Mammal   Summ           100%         8%          1
f - Magic Dart            Conj           100%         8%          1

Your spell library contained the following spells:

 Spells                   Type           Power        Failure   Level
 Blink                    Tloc           N/A          12%         2
 Call Imp                 Summ           29%          12%         2
 Slow                     Hex            29%          12%         2
 Confusing Touch          Hex            29%          22%         3
 Conjure Flame            Conj/Fire      29%          22%         3
 Gell's Gravitas          Tloc           14%          22%         3
 Mephitic Cloud           Conj/Pois/Air  29%          22%         3
 Petrify                  Tmut/Erth      29%          58%         4
 Metabolic Englaciation   Hex/Ice        14%          91%         5
 Yara's Violent Unravell  Hex/Tmut       14%          91%         5


Dungeon Overview and Level Annotations

Branches:
Dungeon (11/15)            Temple (0/1) D:6            Lair (4/6) D:9
 Shoals (0/4) Lair:3       Spider (0/4) Lair:2          Orc (0/2) D:9

Altars:
Ashenzari
Cheibriados
Dithmenos
Elyvilon
Gozag
Hepliaklqana
Ru
Sif Muna
Trog
Uskayaw
Vehumet
Xom
Yredelemnul
The Shining One

Annotations:
D:4 2 runed translucent doors, 0gre's ghost, amateur MiBe
Lair:4 Snorg


Innate Abilities, Weirdness & Mutations

Your experience applies equally to all skills.
You have very sharp teeth.
Your uncanny sense of smell can sniff out nearby items.
You are clumsy. (Dex -2)
You are dopey. (Int -2)
You are resistant to electric shocks. (rElec)
You are weak. (Str -2)


Message History

Snorg is moderately wounded.
Snorg bites you. Snorg claws you. Snorg barely misses you.
Okay, then.
You feel much better. Snorg bites you! Snorg claws you. Snorg misses you.
Snorg bites you!!
* * * LOW HITPOINT WARNING * * *
Snorg claws you but does no damage. Snorg closely misses you.
You bludgeon Snorg!! You bite Snorg.
Snorg is heavily wounded.
Snorg bites you but does no damage. Snorg claws you but does no damage.
Snorg closely misses you. Snorg bites you.
* * * LOW HITPOINT WARNING * * *
Snorg claws you.
* * * LOW HITPOINT WARNING * * *
Snorg claws you.
* * * LOW HITPOINT WARNING * * *
As you read the scroll of teleportation, it crumbles to dust.
You feel strangely unstable. Snorg bites you but does no damage.
Snorg completely misses you. Snorg claws you!
You die...

##.....#
##..#######......#
##..#...#.#.#.....####.
......................
##....................
#.....................
#P.!..................
##....................
#.....@...........###.
##...T###..##.<..##
#...# #####.....# #...
#.....P# #... ##.......
##.. P......... #.
##.....#... #.
.....#...# #.....##.#


You could see Snorg (berserk).

Vanquished Creatures
  Harold (Lair:2)
  A lindwurm (Lair:3)
  An oklob plant (Lair:2)
  A cyclops (D:10)
  A black mamba (Lair:3)
  A merfolk siren (Lair:3)
  A centaur skeleton (D:10)
  Maggie (Lair:1)
  3 cane toads
  A gargoyle (D:10)
  4 torpor snails (Lair:1)
  5 komodo dragons
  A demonic crawler (Lair:2)
  A guardian mummy (D:11)
  3 merfolk (Lair:3)
  A troll (D:8)
  3 blink frogs (Lair:3)
  A shadow (D:9)
  20 yaks
  A wyvern (Lair:1)
  5 water moccasins
  3 orc warriors
  A sky beast (D:5)
  7 ogres
  6 phantoms
  A centaur (D:9)
  10 wolves
  4 big kobolds
  16 bullfrogs
  6 scorpions
  A troll zombie (D:9)
  6 killer bees
  3 vampire bats (D:5)
  9 howler monkeys
  4 centaur zombies
  A gnoll shaman (D:7)
  A quasit (D:9)
  A hound (D:6)
  3 jellies
  A bullfrog skeleton (D:8)
  7 orc priests
  11 orc wizards
  An iguana (D:7)
  Jessica (D:3)
  12 worker ants
  5 ogre zombies (D:9)
  A howler monkey zombie (D:5)
  10 adders
  5 gnolls (D:7)
  A shadow imp (D:10)
  3 white imps (D:7)
  2 ufetubi (D:5)
  2 adder skeletons (D:6)
  2 worms
  7 leopard geckos
  18 orcs
  A ball python (D:3)
  13 bats
  7 giant cockroaches
  8 goblins
  7 hobgoblins
  5 jackals
  4 quokkas
  5 frilled lizards
  4 goblin zombies (D:9)
  2 hobgoblin skeletons (D:9)
  A hobgoblin zombie (D:9)
  25 kobolds
  3 orc skeletons (D:9)
  9 orc zombies (D:9)
  A quokka zombie (D:9)
  7 rats
  A butterfly (Lair:3)
332 creatures vanquished.

Vanquished Creatures (collateral kills)
  2 blink frogs (Lair:3)
2 creatures vanquished.

Vanquished Creatures (others)
  7 fungi
  21 plants
  4 withered plants (D:9)
32 creatures vanquished.

Grand Total: 366 creatures vanquished

Notes
Turn   | Place    | Note
-------+----------+-------------------------------------------
     0 | D:1      | promet the Gnoll Fighter began the quest for the Orb.
     0 | D:1      | Reached XP level 1. HP: 23/23 MP: 1/1
     2 | D:1      | Noticed a human
     2 | D:1      | Noticed a halfling
     4 | D:1      | Noticed a merfolk
     4 | D:1      | Noticed a ghoul
     6 | D:1      | Noticed a formicid
     8 | D:1      | Noticed a centaur
    10 | D:1      | Noticed an ogre
    12 | D:1      | Noticed an octopode
    12 | D:1      | Noticed a troll
    14 | D:1      | Noticed a felid
    14 | D:1      | Noticed a tengu
    17 | D:1      | Noticed a gargoyle
    17 | D:1      | Noticed a dwarf
    19 | D:1      | Noticed a naga
    21 | D:1      | Noticed a demonspawn
    21 | D:1      | Noticed a spriggan
    23 | D:1      | Noticed a draconian
    23 | D:1      | Noticed an elf
    25 | D:1      | Noticed a vine stalker
    25 | D:1      | Noticed a vampire
    27 | D:1      | Noticed a minotaur
    27 | D:1      | Noticed a demigod
   127 | D:1      | Reached XP level 2. HP: 29/29 MP: 2/2
   133 | D:1      | Gained mutation: You are clumsy. (Dex -2) [potion of
                  | mutation]
   133 | D:1      | Gained mutation: You are weak. (Str -2) [potion of
                  | mutation]
   133 | D:1      | Gained mutation: You are resistant to electric shocks.
                  | (rElec) [potion of mutation]
   650 | D:1      | Reached XP level 3. HP: 35/35 MP: 3/3
  1298 | D:2      | Reached skill level 1 in Invocations
  1418 | D:2      | Found a snail-covered altar of Cheibriados.
  1459 | D:2      | Became a worshipper of Cheibriados the Contemplative
  1544 | D:2      | Found a white marble altar of Elyvilon.
  1567 | D:2      | Reached skill level 1 in Short Blades
  1567 | D:2      | Reached skill level 1 in Axes
  1567 | D:2      | Reached skill level 1 in Maces & Flails
  1567 | D:2      | Reached skill level 1 in Polearms
  1567 | D:2      | Reached skill level 1 in Staves
  1567 | D:2      | Reached skill level 1 in Slings
  1567 | D:2      | Reached skill level 1 in Bows
  1567 | D:2      | Reached skill level 1 in Crossbows
  1567 | D:2      | Reached skill level 1 in Throwing
  1567 | D:2      | Reached skill level 1 in Dodging
  1567 | D:2      | Reached skill level 1 in Stealth
  1567 | D:2      | Reached skill level 1 in Unarmed Combat
  1567 | D:2      | Reached skill level 1 in Spellcasting
  1567 | D:2      | Reached skill level 1 in Evocations
  1677 | D:2      | Reached XP level 4. HP: 38/41 MP: 5/5
  2085 | D:2      | Reached skill level 1 in Conjurations
  2085 | D:2      | Reached skill level 1 in Hexes
  2085 | D:2      | Reached skill level 1 in Summonings
  2085 | D:2      | Reached skill level 1 in Necromancy
  2085 | D:2      | Reached skill level 1 in Translocations
  2085 | D:2      | Reached skill level 1 in Transmutations
  2085 | D:2      | Reached skill level 1 in Fire Magic
  2085 | D:2      | Reached skill level 1 in Ice Magic
  2085 | D:2      | Reached skill level 1 in Air Magic
  2085 | D:2      | Reached skill level 1 in Earth Magic
  2085 | D:2      | Reached skill level 1 in Poison Magic
  2310 | D:3      | Noticed Jessica
  2322 | D:3      | Killed Jessica
  2323 | D:3      | Reached XP level 5. HP: 44/47 MP: 6/6
  2677 | D:3      | Reached * piety under Cheibriados
  3321 | D:4      | Found a shimmering altar of Xom.
  3405 | D:4      | Found a runed translucent door.
  3408 | D:4      | Noticed 0gre's ghost (amateur MiBe)
  3508 | D:4      | Reached XP level 6. HP: 37/53 MP: 8/8
  3691 | D:4      | Found a runed translucent door.
  3830 | D:4      | Reached skill level 5 in Long Blades
  3989 | D:5      | Entered Level 5 of the Dungeon
  4109 | D:5      | Reached XP level 7. HP: 47/59 MP: 10/10
  4524 | D:5      | Reached ** piety under Cheibriados
  4644 | D:5      | Reached XP level 8. HP: 64/67 MP: 12/12
  5140 | D:6      | Found a radiant altar of Vehumet.
  5278 | D:6      | Got a twisted arbalest
  5284 | D:6      | Identified the +8 arbalest of Equivalence {vorpal, rN+
                  | Str+4} (You found it on level 6 of the Dungeon)
  5304 | D:6      | Found a staircase to the Ecumenical Temple.
  5346 | D:6      | Found a broken altar of Ashenzari.
  5677 | D:6      | Found a shimmering blue altar of Sif Muna.
  6135 | D:7      | Reached *** piety under Cheibriados
  6388 | D:7      | Reached XP level 9. HP: 72/72 MP: 14/14
  6632 | D:7      | Found a glowing golden altar of the Shining One.
  6730 | D:7      | Reached **** piety under Cheibriados
  6922 | D:7      | Found a shadowy altar of Dithmenos.
  7316 | D:8      | Reached ***** piety under Cheibriados
  7368 | D:8      | Identified Spellweaving, Part One
  7372 | D:8      | Learned a level 1 spell: Shock
  7374 | D:8      | Learned a level 1 spell: Freeze
  7376 | D:8      | Learned a level 1 spell: Pain
  7378 | D:8      | Learned a level 1 spell: Sting
  7380 | D:8      | Learned a level 1 spell: Summon Small Mammal
  7675 | D:8      | Found a hazy altar of Hepliaklqana.
  7675 | D:8      | Found a hide-covered altar of Uskayaw.
  7817 | D:9      | Noticed a troll
  7818 | D:9      | Reached skill level 5 in Invocations
  7949 | D:9      | Reached XP level 10. HP: 80/80 MP: 17/17
  8187 | D:8      | Reached skill level 5 in Short Blades
  8187 | D:8      | Reached skill level 5 in Axes
  8187 | D:8      | Reached skill level 5 in Maces & Flails
  8187 | D:8      | Reached skill level 5 in Polearms
  8187 | D:8      | Reached skill level 5 in Staves
  8187 | D:8      | Reached skill level 5 in Slings
  8187 | D:8      | Reached skill level 5 in Bows
  8187 | D:8      | Reached skill level 5 in Crossbows
  8187 | D:8      | Reached skill level 5 in Throwing
  8187 | D:8      | Reached skill level 5 in Dodging
  8187 | D:8      | Reached skill level 5 in Stealth
  8187 | D:8      | Reached skill level 5 in Unarmed Combat
  8187 | D:8      | Reached skill level 5 in Spellcasting
  8187 | D:8      | Reached skill level 5 in Evocations
  8301 | D:9      | Found a staircase to the Orcish Mines.
  8342 | D:9      | Reached ****** piety under Cheibriados
  8619 | D:9      | Found a sacrificial altar of Ru.
  8658 | D:9      | Found a staircase to the Lair.
  8698 | D:9      | Found a basalt altar of Yredelemnul.
  8743 | D:9      | Got a heavily runed gossamer ring
  8794 | D:9      | Found an opulent altar of Gozag.
  9107 | D:10     | Entered Level 10 of the Dungeon
  9185 | D:10     | Noticed a gargoyle
  9188 | D:10     | Killed a gargoyle
  9286 | D:10     | Noticed a cyclops
  9290 | D:10     | Killed a cyclops
  9748 | D:10     | Found a bloodstained altar of Trog.
  9925 | D:10     | Identified the ring "Heopneif" {Ice Int+8 Stlth-} (You
                  | found it on level 9 of the Dungeon)
 10000 | D:11     | Found a portal to a secret trove of treasure.
 10003 | D:11     | Reached XP level 11. HP: 50/87 MP: 19/19
 10171 | D:11     | Identified a scroll of acquirement
 10171 | D:11     | Acquired 706 gold pieces
 10198 | Trove    | Entered a treasure trove
 10225 | Trove    | Got a twisted rapier
 10227 | Trove    | Got a translucent morningstar
 10239 | Trove    | Got a crystal hunting sling
 10242 | Trove    | Got an ichor-stained eveningstar
 10270 | D:11     | Identified the +11 hunting sling "Beastslayer" {vorpal,
                  | Dex+6} (You found it in a treasure trove)
 10275 | D:11     | Identified the +3 eveningstar "Undertaker" {vorpal, rF+
                  | rN++ Str-2} (You found it in a treasure trove)
 10283 | D:11     | Gained mutation: You are dopey. (Int -2) [mutagenic glow]
 10851 | D:9      | Identified the +4 rapier of Guilt {vorpal, Int+3} (You
                  | found it in a treasure trove)
 10852 | D:9      | Identified the +10 morningstar of Crusades {elec, +Fly rC+
                  | rN+ Dex+3} (You found it in a treasure trove)
 10855 | Lair:1   | Entered Level 1 of the Lair of Beasts
 11267 | Lair:1   | Reached skill level 5 in Conjurations
 11267 | Lair:1   | Reached skill level 5 in Hexes
 11267 | Lair:1   | Reached skill level 5 in Summonings
 11267 | Lair:1   | Reached skill level 5 in Necromancy
 11267 | Lair:1   | Reached skill level 5 in Translocations
 11267 | Lair:1   | Reached skill level 5 in Transmutations
 11267 | Lair:1   | Reached skill level 5 in Fire Magic
 11267 | Lair:1   | Reached skill level 5 in Ice Magic
 11267 | Lair:1   | Reached skill level 5 in Air Magic
 11267 | Lair:1   | Reached skill level 5 in Earth Magic
 11267 | Lair:1   | Reached skill level 5 in Poison Magic
 11431 | Lair:1   | Found a snail-covered altar of Cheibriados.
 12021 | Lair:1   | Learned a level 1 spell: Magic Dart
 12062 | Lair:1   | Noticed Maggie
 12071 | Lair:1   | Killed Maggie
 12771 | Lair:2   | Found a hole to the Spider Nest.
 13209 | Lair:2   | Noticed Harold
 13221 | Lair:2   | Killed Harold
 13553 | Lair:2   | Noticed an oklob plant
 13571 | Lair:2   | Killed an oklob plant
 13974 | Lair:3   | Reached XP level 12. HP: 94/96 MP: 22/22
 14113 | Lair:3   | Found a staircase to the Shoals.
 14140 | Lair:3   | HP: 2/96 [merfolk/boomerang (13)]
 15303 | Lair:4   | Noticed Snorg
 15310 | Lair:4   | Slain by Snorg

Illustrated notes

Levels and vault maps discovered:
D:1:      kb_arrival_jail, layout_basic, chequers_big_river, st_stairs_8,
          minmay_misc_feat_tower
D:2:      layout_loops_corners, cheibriados_altar_1, elyvilon_altar_3
D:3:      layout_basic, uniq_jessica
D:4:      layout_cave_pools, nicolae_overflow_hidden_temple,
          ebering_ghost_sewer_f, serial_bayou_ford_a
D:5:      layout_basic, roderic_batcave
D:6:      layout_loops_corners, kennysheep_little_box,
          nicolae_overflow_crystal_walls, minmay_temple_entry_drinking_statues,
          evilmike_ruin_ashenzari
D:7:      layout_cave_pools, kennysheep_mini, nicolae_tso_swordbearing_angel
D:8:      layout_loops_ring, gammafunk_temple_overflow_wave
D:9:      layout_cave_pools, lemuel_coloured_pillars_altar,
          yredelemnul_altar_generic, old_standard_altar, zombieorc1_lemuel,
          serial_park, minmay_misc_feat_room
D:10:     layout_rooms, basic_altar
D:11:     minmay_curly_fans, layout_loops_ring,
          nicolae_trove_entry_path_of_doom, chequers_serial_rivers_small_b,
          corexii_corridor_pit, minivault_28
Lair:1:   layout_regular_city, kennysheep_snail_temple, uniq_maggie
Lair:2:   layout_regular_city, nicolae_spider_entry_non_spiders,
          serial_bayou_shore_b, minmay_lair_oklob_chamber, uniq_harold
Lair:3:   layout_cave_shapes, elwin_shoals_entry_stream, beast_lair_carwin_5,
          lemuel_fruit_fields
Lair:4:   nzn_winding_woodlands_cross [nzn_winding_woodlands_5x15_default,
          nzn_winding_woodlands_5x15_garden,
          nzn_winding_woodlands_5x15_sawtooth, nzn_winding_woodlands_5x15_eye,
          nzn_winding_woodlands_15x15_killbox], layout_regular_city,
          eino_small_chamber_without_monster, uniq_snorg

Skill      XL: |  1  2  3  4  5  6  7  8  9 10 11 12 |
---------------+-------------------------------------+-----
Invocations    | 1 2 3 4 5 6 7 8 |  8.2
Short Blades   | 1 2 3 4 5 6 7 |  7.4
Axes           | 1 2 3 4 5 6 7 |  7.4
Maces & Flails | 1 2 3 4 5 6 7 |  7.4
Polearms       | 1 2 3 4 5 6 7 |  7.4
Staves         | 1 2 3 4 5 6 7 |  7.4
Slings         | 1 2 3 4 5 6 7 |  7.4
Bows           | 1 2 3 4 5 6 7 |  7.4
Crossbows      | 1 2 3 4 5 6 7 |  7.4
Throwing       | 1 2 3 4 5 6 7 |  7.4
Dodging        | 1 2 3 4 5 6 7 |  7.4
Stealth        | 1 2 3 4 5 6 7 |  7.4
Unarmed Combat | 1 2 3 4 5 6 7 |  7.4
Spellcasting   | 1 2 3 4 5 6 7 |  7.4
Evocations     | 1 2 3 4 5 6 7 |  7.4
Conjurations   | 1 2 3 4 5 6 |  6.2
Hexes          | 1 2 3 4 5 6 |  6.2
Summonings     | 1 2 3 4 5 6 |  6.2
Necromancy     | 1 2 3 4 5 6 |  6.2
Translocations | 1 2 3 4 5 6 |  6.2
Transmutations | 1 2 3 4 5 6 |  6.2
Fire Magic     | 1 2 3 4 5 6 |  6.2
Ice Magic      | 1 2 3 4 5 6 |  6.2
Air Magic      | 1 2 3 4 5 6 |  6.2
Earth Magic    | 1 2 3 4 5 6 |  6.2
Poison Magic   | 1 2 3 4 5 6 |  6.2
Long Blades    | 5 6 7 8 |  8.8
Fighting       | 7 8 9 |  9.9
Armour         | 7 8 9 |  9.9
Shields        | 7 8 9 |  9.9

Action                   |  1- 3 |  4- 6 |  7- 9 | 10-12 || total
-------------------------+-------+-------+-------+-------++-------
Melee: Long sword        |   125 |    53 |    83 |   117 ||   378
       Bite              |    11 |    22 |    26 |    68 ||   127
       Rapier            |       |    49 |    31 |    24 ||   104
       War axe           |       |    10 |    11 |       ||    21
       Punch             |       |       |     1 |    10 ||    11
       Arbalest          |       |       |     1 |       ||     1
       Morningstar       |       |       |       |   150 ||   150
       Eveningstar       |       |       |       |    14 ||    14
 Fire: Hunting sling     |       |    14 |       |       ||    14
       Arbalest          |       |       |    62 |    75 ||   137
       Longbow           |       |       |       |     2 ||     2
Throw: Dart              |       |     1 |     4 |       ||     5
       Boomerang         |       |       |     9 |     1 ||    10
       Javelin           |       |       |     6 |       ||     6
       Stone             |       |       |     2 |     7 ||     9
 Cast: Freeze            |       |       |     1 |       ||     1
       Shock             |       |       |     1 |       ||     1
Invok: Bend Time         |       |       |     3 |       ||     3
Evoke: Lightning rod     |       |       |       |     4 ||     4
       Box of beasts     |       |       |       |     1 ||     1
  Use: Potion            |     3 |       |     5 |     8 ||    16
       Scroll            |     4 |     7 |     7 |    11 ||    29
 Stab: Distracted        |       |       |       |     1 ||     1
Armor: Scale mail        |    69 |    28 |       |       ||    97
       Plate armour      |       |    14 |   161 |   206 ||   381
Dodge: Dodged            |    31 |    13 |    80 |   256 ||   380
Block: Kite shield       |    72 |    56 |    50 |    27 ||   205
       Rpst.: Long sword |    12 |     3 |    14 |    33 ||    62
